 Dungeon Crawl Stone Soup version 0.22-a0-363-g29407c6 (webtiles) character file.

469 GoochMcTaint the Magician (level 6, 0/32 HPs)
             Began as a Deep Elf Summoner on Apr 21, 2018.
             Shot with an arrow by a centaur (9 damage)
             ... on level 6 of the Dungeon.
             The game lasted 00:20:58 (7352 turns).

GoochMcTaint the Magician (Deep Elf Summoner)       Turns: 7352, Time: 00:20:59

Health: 0/32       AC:  3    Str:  5    XL:     6   Next: 82%
Magic:  1/18       EV: 13    Int: 22    God:
Gold:   184        SH:  0    Dex: 15    Spells: 5/19 levels left

rFire    . . .     SeeInvis .   j - +0 dagger (drain)
rCold    . . .     Gourm    .   (no shield)
rNeg     . . .     Faith    .   a - +0 robe
rPois    .         Spirit   .   (no helmet)
rElec    .         Reflect  .   (no cloak)
rCorr    .         Harm     .   (no gloves)
MR       .....                  l - +0 pair of boots
Stlth    ++........             (no amulet)
HPRegen  0.10/turn              (no ring)
MPRegen  0.16/turn              (no ring)

@: very slightly contaminated
A: no striking features
a: no special abilities


You were on level 6 of the Dungeon.
You were very hungry.

You visited 1 branch of the dungeon, and saw 6 of its levels.

You collected 184 gold pieces.

Inventory:

Hand Weapons
 g - a +0 dagger
 j - a +0 dagger of draining (weapon)
 q - a +1 scimitar of holy wrath
Missiles
 f - 2 throwing nets (quivered)
Armour
 a - a +0 robe (worn)
 l - a +0 pair of boots (worn)
Jewellery
 o - an uncursed amulet of the gourmand {unknown}
Wands
 p - a wand of flame (18)
Scrolls
 d - 2 scrolls of teleportation
 h - 5 scrolls of identify {unknown}
 m - 3 scrolls of remove curse
Potions
 b - 2 potions of lignification {unknown}
 e - a potion of invisibility {unknown}
 i - 3 potions of curing {unknown}
 k - a potion of ambrosia {unknown}
 n - a potion of berserk rage {unknown}
 r - a potion of flight {unknown}
 s - 2 potions of resistance {unknown}
 t - a potion of heal wounds {unknown}
Comestibles
 c - 4 rations


   Skills:
 - Level 2.4 Dodging
 - Level 2.4 Stealth
 + Level 7.0 Spellcasting
 + Level 6.9 Summonings
 + Level 1.5 Air Magic


You had 5 spell levels left.
You knew the following spells:

 Your Spells              Type           Power        Failure   Level  Hunger
a - Summon Small Mammal   Summ           ####         1%          1    None
b - Call Imp              Summ           #####...     1%          2    None
c - Call Canine Familiar  Summ           #####...     1%          3    None
d - Summon Lightning Spi  Summ/Air       ####....     14%         4    ###....
e - Summon Ice Beast      Ice/Summ       ###.....     21%         4    ###....


Dungeon Overview and Level Annotations

Branches:
Dungeon (6/15)
 Temple: D:4-7

Altars:
Okawaru
Xom

Shops:
D:5 *

Annotations:
D:6 Prince Ribbit


Message History

Something hits your white imp but does no damage.
The centaur wields an uncursed shortbow.
The centaur shoots an arrow.
The arrow barely misses your white imp. The arrow hits you!
* * * LOW HITPOINT WARNING * * *
You see here an arrow.
You hear a twanging sound.
The arrow hits your white imp.
Your white imp dies!
You hear a shout!
You hear a shout!
The centaur shoots an arrow.
The arrow barely misses you.
Casting: Call Imp (safe; 1% risk of failure)
Confirm with . or Enter, or press ? or * to list all spells.
Aiming: Summon Lightning Spire (safe; 14% risk of failure)
Press: ? - help, Dir - move target cursor You miscast Summon Lightning Spire.
You are very lightly contaminated with residual magic.
Nothing appears to happen.
The centaur shoots an arrow.
The arrow hits you!
You die...

........## . #.#.[....#
.........###
####..#....#
##....#.####
#....#..... #
##......#### .### .
#.......5(.####...#
....#...(.@###(.....#.#
...............5.......
..##.####..####c......#
#........5c(.###.###
....#####..#### # ..
#.!### .. ##(..#
#..§..8F.#
#..###...†..#


You could see a centaur, a crimson imp and a friendly crimson imp.

Vanquished Creatures (collateral kills)
  The ghost of jiveturtle the Cudgeler, an amateur TrMo (D:4)
  The ghost of mdk the Shooter, an amateur CeHu (D:3)
  Blork the orc (D:5)
  A scorpion (D:5)
  A crimson imp (D:5)
  A hound (D:5)
  2 orc priests
  2 jellies (D:5)
  2 bullfrog skeletons
  2 iguanas (D:5)
  4 orc wizards
  A gnoll (D:2)
  6 adders
  3 worms
  2 leopard geckos (D:3)
  10 orcs
  6 bats
  6 giant cockroaches
  16 goblins
  7 hobgoblins
  4 kobolds
  3 quokkas
  A ball python (D:1)
  4 frilled lizards
  2 quokka zombies (D:5)
  7 rats
96 creatures vanquished.

Notes
Turn   | Place    | Note
-------+----------+-------------------------------------------
     0 | D:1      | GoochMcTaint the Deep Elf Summoner began the quest for the Orb.
     0 | D:1      | Reached XP level 1. HP: 10/10 MP: 6/6
  1713 | D:1      | Reached XP level 2. HP: 15/15 MP: 1/8
  1717 | D:1      | Learned a level 2 spell: Call Imp
  2786 | D:2      | Reached skill level 4 in Spellcasting
  2960 | D:2      | Reached skill level 5 in Summonings
  2960 | D:2      | Reached XP level 3. HP: 19/19 MP: 4/10
  2965 | D:2      | Learned a level 3 spell: Call Canine Familiar
  3288 | D:2      | Found an iron altar of Okawaru.
  3624 | D:3      | Reached XP level 4. HP: 24/24 MP: 1/12
  3846 | D:3      | Noticed mdk's ghost (amateur CeHu)
  3887 | D:3      | Killed mdk's ghost
  3887 | D:3      | Reached skill level 5 in Spellcasting
  3967 | D:3      | Learned a level 4 spell: Summon Lightning Spire
  4114 | D:3      | Reached XP level 5. HP: 15/28 MP: 3/14
  5213 | D:4      | Noticed jiveturtle's ghost (amateur TrMo)
  5252 | D:4      | Killed jiveturtle's ghost
  5252 | D:4      | Reached skill level 6 in Spellcasting
  5470 | D:4      | You fall through a shaft!
  5470 | D:5      | Entered Level 5 of the Dungeon
  5487 | D:5      | HP: 1/28 [quokka zombie (2)]
  5799 | D:5      | Noticed Blork the orc
  5949 | D:5      | Killed Blork the orc
  5949 | D:5      | Reached XP level 6. HP: 32/32 MP: 10/17
  6124 | D:5      | Learned a level 4 spell: Summon Ice Beast
  6348 | D:5      | Found a shimmering altar of Xom.
  6391 | D:5      | Reached skill level 1 in Air Magic
  6611 | D:5      | Found Vurhas's Elemental Accessories.
  6897 | D:5      | Reached skill level 7 in Spellcasting
  7324 | D:6      | Noticed Prince Ribbit
  7352 | D:6      | Shot with an arrow by a centaur

Vault maps used:
D:1:      eino_arrival_druids_welcome
D:2:      cheibrodos_helix_gallery, st_stairs_4, okawaru_altar_gauntlet_db
D:3:      serial_glass, glass_columns_c, glass_columns_c, fountainhead
D:4:      serial_co_window_serial, co_window_corner_a,
          co_window_of_opportunity_a, co_window_corner_a, co_window_paths_b,
          co_window_corner_a, co_window_of_opportunity_a, co_window_corner_a,
          co_window_paths_c, co_window_broadway_a, co_window_corner_cb,
          co_window_sun, glass_columns_c, glass_columns_a, glass_columns_a,
          glass_columns_a
D:5:      basic_altar, first_ration, nicolae_elemental_shop, uniq_blork_the_orc
D:6:      minmay_temple_entry_mist, nicolae_tso_swordbearing_angel,
          uniq_prince_ribbit1

Skill      XL: |  1  2  3  4  5  6 |
---------------+-------------------+-----
Spellcasting   | 4 5 6 7 |  7.0
Summonings     | 5 6 |  6.9
Air Magic      | 1 |  1.5
Dodging        | |  2.4
Stealth        | |  2.4

Action                   |  1- 3 |  4- 6 || total
-------------------------+-------+-------++-------
Melee: Unarmed           |    13 |       ||    13
       Dagger            |     1 |     4 ||     5
 Cast: Summon Small Mamm |    38 |     3 ||    41
       Call Imp          |    39 |    28 ||    67
       Call Canine Famil |     3 |    10 ||    13
       Summon Lightning  |       |    28 ||    28
  Use: Scroll            |     2 |       ||     2
  Eat: Ration            |     1 |     2 ||     3
       Chunk             |     6 |     8 ||    14
Armor: Robe              |    17 |     9 ||    26
Dodge: Dodged            |    51 |    32 ||    83

Table legend:
 A = Spawn XP
 B = Non-spawn XP
 C = Spawn XP percentage of total XP
 D = Spawn monster count
 E = Non-spawn monster count
 F = Spawn count percentage of total count
 G = Total turns spent on level
                    A         B        C        D         E        F      G
               +---------+---------+-------+---------+---------+-------+---------
         Total |       0 |     671 |   0.0 |       0 |      96 |   0.0 |  7352
               +---------+---------+-------+---------+---------+-------+---------
           D:1 |       0 |      17 |   0.0 |       0 |      17 |   0.0 |  2037
           D:2 |       0 |      52 |   0.0 |       0 |      30 |   0.0 |  1449
           D:3 |       0 |     175 |   0.0 |       0 |      25 |   0.0 |  1698
           D:4 |       0 |     110 |   0.0 |       0 |       2 |   0.0 |   286
           D:5 |       0 |     295 |   0.0 |       0 |      20 |   0.0 |  1786
           D:6 |       0 |      22 |   0.0 |       0 |       2 |   0.0 |    96
               +---------+---------+-------+---------+---------+-------+---------
